 Dungeon Crawl Stone Soup version 0.25-a0-460-g4f2eb97ec1 (webtiles) character file.

Game seed: 7975358314548241679, levelgen mode: deterministic

578 McKennaii the Thaumaturge (level 7, -1/36 HPs)
             Began as a Deep Elf Ice Elementalist on Feb 3, 2020.
             Slain by a gnoll
             ... wielding a +0 whip
              (7 damage)
             ... on level 5 of the Dungeon.
             The game lasted 00:10:51 (4101 turns).

McKennaii the Thaumaturge (DEIE)                    Turns: 4101, Time: 00:10:52

Health: -1/36      AC:  2    Str:  5      XL:     7   Next: 13%
Magic:  11/21      EV: 13    Int: 20 (22) God:
Gold:   181        SH:  0    Dex: 15      Spells: 14/23 levels left

rFire    . . .     SeeInvis .   (no weapon)
rCold    . . .     Gourm    .   (no shield)
rNeg     . . .     Faith    .   a - +0 robe
rPois    .         Spirit   .   (no helmet)
rElec    .         Reflect  .   (no cloak)
rCorr    +         Harm     .   (no gloves)
MR       .....                  (no boots)
Stlth    ++........             (no amulet)
HPRegen  0.12/turn              g - ring of resist corrosion
MPRegen  0.17/turn              (no ring)

@: very slightly contaminated
A: no striking features
a: no special abilities


You were on level 5 of the Dungeon.
You were hungry.

You visited 1 branch of the dungeon, and saw 5 of its levels.
You also visited: Sewer.

You collected 181 gold pieces.

Inventory:

Armour
 a - a +0 robe (worn)
Jewellery
 g - a ring of resist corrosion (left hand)
Wands
 l - a wand of flame (8)
Scrolls
 b - 2 scrolls of noise {unknown}
 d - 3 scrolls of remove curse {unknown}
 e - 3 scrolls of magic mapping {unknown}
 i - a scroll of enchant armour {unknown}
 m - 6 scrolls of teleportation {unknown}
 n - 7 scrolls of identify {unknown}
 p - 2 scrolls of random uselessness {unknown}
 q - 2 scrolls of fear {unknown}
 s - 2 scrolls of amnesia {unknown}
Potions
 f - a potion of heal wounds
 h - a potion of degeneration
 j - 3 potions of might {unknown}
 k - a potion of resistance
 o - 5 potions of curing
 t - 5 potions of flight
 u - 2 potions of magic {unknown}
Comestibles
 c - 7 rations


   Skills:
 + Level 2.8 Dodging
 + Level 3.0 Stealth
 + Level 8.5 Spellcasting
 * Level 0.2 Conjurations
 + Level 6.3 Ice Magic


You had 14 spell levels left.
You knew the following spells:

 Your Spells              Type           Power        Failure   Level  Hunger
a - Freeze                Ice            ####         1%          1    None
b - Summon Ice Beast      Ice/Summ       ###.....     22%         4    ###....
c - Hailstorm             Conj/Ice       ###.....     21%         4    ###....

Your spell library contained the following spells:

 Spells                   Type           Power        Failure   Level  Hunger
 Ozocubu's Armour         Chrm/Ice       ###.....     7%          3    None


Dungeon Overview and Level Annotations

Branches:
Dungeon (5/15)              Sewer (visited)
 Temple: D:4-7

Altars:
Dithmenos
Fedhas
Hepliaklqana
Okawaru
Qazlal
Trog
Vehumet


Message History

Confirm with . or Enter, or press ? or * to list all spells.
Aiming: Freeze (safe; 1% risk of failure)
Press: ? - help, Shift-Dir - straight line, f - gnoll
Aim: a gnoll, wielding a +4 spear You freeze the gnoll.
The gnoll is heavily wounded.
The gnoll hits you with a +4 spear!
* * * LOW HITPOINT WARNING * * *
The gnoll hits you with a +0 whip.
* * * LOW HITPOINT WARNING * * *
Casting: Freeze (safe; 1% risk of failure)
Confirm with . or Enter, or press ? or * to list all spells.
Aiming: Freeze (safe; 1% risk of failure)
Press: ? - help, Shift-Dir - straight line, f/p - gnoll
Aim: a gnoll, wielding a +4 spear (heavily wounded)
You miscast Freeze.
You are very lightly contaminated with residual magic.
Nothing appears to happen.
The gnoll barely misses you. The gnoll hits you with a +0 whip!
You die...

.# .# ##.##
##...##
##.....##
##.......##
#....g....##
+.<.@Y......
#...!g....##
##..)....##
##.....##
##...##
##+##


You could see 2 gnolls and a friendly ice beast.

Vanquished Creatures
  A centaur (D:5)
  A big kobold (Sewer)
  A hound (D:4)
  2 orc wizards (D:4)
  An iguana (D:4)
  A worker ant (D:4)
  A gnoll (D:5)
  9 adders
  A river rat (Sewer)
  2 oozes
  3 worms
  13 dart slugs
  2 leopard geckos
  10 orcs
  6 ball pythons
  8 bats
  A giant cockroach (D:5)
  5 goblins
  10 hobgoblins
  2 quokkas (D:3)
  7 frilled lizards
  A jackal skeleton (D:5)
  16 kobolds
  9 rats
113 creatures vanquished.

Vanquished Creatures (collateral kills)
  A gnoll sergeant (D:5)
  A gnoll (D:5)
2 creatures vanquished.

Grand Total: 115 creatures vanquished

Notes
Turn   | Place    | Note
-------+----------+-------------------------------------------
     0 | D:1      | McKennaii the Deep Elf Ice Elementalist began the quest for
                  | the Orb.
     0 | D:1      | Reached XP level 1. HP: 10/10 MP: 6/6
   134 | D:1      | Reached XP level 2. HP: 10/15 MP: 0/8
   724 | D:2      | Reached skill level 4 in Spellcasting
   726 | D:2      | Reached XP level 3. HP: 17/19 MP: 4/10
   753 | D:2      | Reached skill level 5 in Ice Magic
  1028 | D:2      | Reached XP level 4. HP: 20/24 MP: 6/12
  1134 | D:2      | Reached skill level 5 in Spellcasting
  1431 | D:2      | Found a bloodstained altar of Trog.
  2442 | D:3      | Found a glowing drain.
  2447 | Sewer    | Entered a sewer
  2457 | Sewer    | Reached XP level 5. HP: 28/28 MP: 13/15
  2479 | Sewer    | Reached skill level 6 in Spellcasting
  2544 | Sewer    | Reached skill level 7 in Spellcasting
  2746 | Sewer    | Reached XP level 6. HP: 20/32 MP: 13/18
  2864 | Sewer    | Learned a level 4 spell: Hailstorm
  2869 | Sewer    | Learned a level 4 spell: Summon Ice Beast
  3206 | D:4      | Found a shadowy altar of Dithmenos.
  3335 | D:4      | Reached skill level 8 in Spellcasting
  3494 | D:4      | Found an iron altar of Okawaru.
  3518 | D:4      | Found a blossoming altar of Fedhas.
  3518 | D:4      | Found a stormy altar of Qazlal.
  3530 | D:4      | Found a radiant altar of Vehumet.
  3766 | D:4      | Found a hazy altar of Hepliaklqana.
  3865 | D:5      | Entered Level 5 of the Dungeon
  3873 | D:5      | Reached XP level 7. HP: 18/36 MP: 15/20
  4101 | D:5      | Slain by a gnoll

Levels and vault maps discovered:
D:1:      ncdulo_lavacross, layout_basic
D:2:      layout_basic, lightli_temple_of_fire
D:3:      kennysheep_slugbush, layout_rooms, portal_sewer_entry_e
D:4:      layout_cave_pools, lemuel_coloured_pillars_altar,
          nicolae_overflow_hidden_temple, vehumet_crystals,
          okawaru_altar_gauntlet_db, minmay_misc_feat_tower,
          serial_bayou_pond_b, grunt_dithmenos_smoke_and_mirrors
D:5:      layout_loops_corners, lemuel_crystal_altar, kennysheep_mini,
          serial_shops, shop, first_ration, hangedman_decor_growths

Skill      XL: |  1  2  3  4  5  6  7 |
---------------+----------------------+-----
Spellcasting   | 4 5 7 8 |  8.5
Ice Magic      | 5 6 |  6.3
Stealth        | 3 |  3.0
Dodging        | |  2.8
Conjurations   | |  0.2

Action                   |  1- 3 |  4- 6 |  7- 9 || total
-------------------------+-------+-------+-------++-------
Melee: Unarmed           |     6 |     6 |     1 ||    13
 Cast: Freeze            |    59 |   137 |    16 ||   212
       Summon Ice Beast  |       |       |     1 ||     1
       Hailstorm         |       |       |     1 ||     1
  Use: Potion            |       |     6 |       ||     6
  Eat: Chunk             |       |     5 |     1 ||     6
       Ration            |       |     1 |       ||     1
Armor: Robe              |     8 |    10 |     5 ||    23
Dodge: Dodged            |    32 |    86 |    16 ||   134

Table legend:
 A = Non-vault XP
 B = Vault XP
 C = Vault XP percentage of total XP
 D = Non-vault monster count
 E = Vault monster count
 F = Vault count percentage of total count
                 A         B        C        D         E       F
            +---------+---------+-------+---------+---------+-------
      Total |     570 |     256 |  31.0 |      77 |      38 |  33.0
            +---------+---------+-------+---------+---------+-------
        D:1 |      34 |       0 |   0.0 |      21 |       0 |   0.0
        D:2 |      92 |       0 |   0.0 |      23 |       0 |   0.0
        D:3 |      29 |      44 |  60.3 |      11 |      11 |  50.0
        D:4 |     219 |      14 |   6.0 |      14 |       8 |  36.4
        D:5 |     196 |       0 |   0.0 |       8 |       0 |   0.0
      Sewer |       0 |     198 | 100.0 |       0 |      19 | 100.0
            +---------+---------+-------+---------+---------+-------
